 Dungeon Crawl Stone Soup version 0.31.0-4-g52a2dc7128 (webtiles) character file.

Game seed: 132812302216749194

1656638 snackwell the Conqueror (level 27, 241/241 (245) HPs)
             Began as a Hill Orc Hunter on Jan 21, 2024.
             Was the Champion of Hepliaklqana.
             Escaped with the Orb
             ... and 3 runes on Jan 22, 2024!
             The game lasted 05:12:51 (69731 turns).

snackwell the Conqueror (Hill Orc Hunter)          Turns: 69731, Time: 05:12:52

HP:   241/241 (245) AC: 24    Str: 22    XL:     27
MP:   30/30         EV: 28    Int: 15    God:    Hepliaklqana [******]
Gold: 7358          SH:  0    Dex: 27    Spells: 8/26 levels left

rFire   + . .        a - +5 orcbow of Meux {speed, Str+5 Int+2 Dex-2}
rCold   + . .        (shield currently unavailable)
rNeg    + . .        o - +2 faerie dragon scales {rCorr Int+3}
rPois   .            P - +2 helmet
rElec   .            e - scarf {rC+ rF+}
rCorr   +            V - +2 pair of gloves {Dex+3}
SInv    +            n - +2 pair of boots
Will    ++++.        J - amulet of regeneration
Stlth   ++           Z - ring of positive energy
HPRegen 1.40/turn    t - ring of Pettitz {Will+ SInv Stlth+}
MPRegen 0.22/turn

%: no passive effects
@: enlightened, flying, hasted, studying Short Blades, lightly drained, very
quick
A: reduced essence, iridescent scales 1, agile 1
0: Orb of Zot
}: 3/15 runes: serpentine, barnacled, slimy
a: Renounce Religion, Recall Ancestor, Ancestor Identity, Transference, Idealise


You escaped.
You worshipped Hepliaklqana.
Hepliaklqana was exalted by your worship.
You visited 12 branches of the dungeon, and saw 55 of its levels.
You visited 2 bazaars.
You also visited: Ossuary and Bailey.

You collected 8928 gold pieces.
You spent 1570 gold pieces at shops.

Inventory:

Hand Weapons
 a - the +5 orcbow of Meux (weapon) {speed, Str+5 Int+2 Dex-2}
   (You found it on level 5 of the Pits of Slime)

   Str+5:     It affects your strength (+5).
   Int+2:     It affects your intelligence (+2).
   Dex-2:     It affects your dexterity (-2).
 B - the +10 orcbow "Rusmuit" {drain, +Blink rPois}
   (You found it on level 1 of the Elven Halls)

   rPois:     It protects you from poison +Blink: It lets you blink.
 Q - the +8 demon whip "Taiherch" {elec, rElec rN+++ Str-3 SInv}
   (You found it on level 3 of the Elven Halls)

   Str-3:     It affects your strength (-3).
   rElec:     It insulates you from electricity.
   rN+++:     It renders you almost immune to negative energy.
   SInv:      It lets you see invisible.
Missiles
 C - 8 silver javelins
 E - 14 curare-tipped darts
 M - 5 throwing nets
 R - 23 javelins
Armour
 e - a scarf of resistance (worn)
   (You found it on level 1 of the Vaults)
 n - a +2 pair of boots (worn)
   (You found it on level 15 of the Dungeon)
 o - the +2 faerie dragon scales (worn) {rCorr Int+3}
   (You took it off the Enchantress on level 4 of the Depths)

   Int+3:     It affects your intelligence (+3).
   rCorr:     It protects you from acid and corrosion.
 P - a +2 helmet (worn)
   (You found it on level 7 of the Dungeon)
 V - a +2 pair of gloves of dexterity (worn)
   (You found it on level 2 of the Snake Pit)
Jewellery
 m - a ring of protection from cold
   (You found it on level 4 of the Realm of Zot)
 t - the ring of Pettitz (right hand) {Will+ SInv Stlth+}
   (You found it on level 3 of the Dungeon)

   [ring of see invisible]

   Will+:     It increases your willpower.
   SInv:      It lets you see invisible.
   Stlth+:    It makes you more stealthy.
 v - the amulet "Buibruh" {rF- rC+ Regen+ Str+6}
   (You found it on level 5 of the Pits of Slime)

   [amulet of regeneration]

   Str+6:     It affects your strength (+6).
   rF-:       It makes you vulnerable to fire.
   rC+:       It protects you from cold.
   Regen+:    It increases your rate of health regeneration.
 z - a ring of protection from fire
   (You took it off Mara on level 4 of the Snake Pit)
 I - a +4 ring of protection
   (You took it off a wight on level 9 of the Dungeon)
 J - an amulet of regeneration (around neck)
   (You bought it in a shop on level 1 of the Snake Pit)
 L - the ring "Gudav" {EV+5 Int+4}
   (You took it off an orc on level 7 of the Dungeon)

   [ring of evasion]

   EV+5:      It affects your evasion (+5).
   Int+4:     It affects your intelligence (+4).
 Z - a ring of positive energy (left hand)
   (You bought it in a shop on level 1 of the Shoals)
Wands
 b - a wand of flame (12)
   (You found it on level 4 of the Realm of Zot)
 p - a wand of digging (20)
   (You found it on level 1 of the Lair of Beasts)
 r - a wand of acid (19)
   (You found it on level 5 of the Pits of Slime)
 x - a wand of paralysis (56)
   (You found it on level 3 of the Lair of Beasts)
 y - a wand of mindburst (52)
   (You found it on level 1 of the Orcish Mines)
 T - a wand of iceblast (41)
   (You found it on level 8 of the Dungeon)
Scrolls
 d - 3 scrolls of blinking
 i - a scroll of vulnerability
 k - 3 scrolls of fog
 A - 2 scrolls of summoning
 F - 4 scrolls of silence
 G - 12 scrolls of poison
 K - 4 scrolls of immolation
 S - 4 scrolls of fear
 U - 12 scrolls of teleportation
 W - a scroll of noise
Potions
 c - 4 potions of ambrosia
 f - 6 potions of haste
 g - 6 potions of lignification
 h - 6 potions of cancellation
 j - 3 potions of resistance
 l - 6 potions of berserk rage
 q - a potion of brilliance
 s - 3 potions of enlightenment
 u - 18 potions of curing
 w - 6 potions of heal wounds
 D - 4 potions of magic
 H - 5 potions of invisibility
 Y - 11 potions of mutation
Miscellaneous
 N - a phial of floods
   (You found it on level 5 of the Lair of Beasts)
 O - a tin of tremorstones (2/2)
   (You found it on level 7 of the Dungeon)
 X - a lightning rod (4/4)
   (You found it on level 4 of the Shoals)


   Skills:
 O Level 27 Fighting
 - Level 7.0 Long Blades
 - Level 7.5 Maces & Flails
 - Level 20.0 Ranged Weapons
 - Level 6.0 Throwing
 - Level 14.3 Armour
 - Level 17.0 Dodging
 - Level 2.6 Stealth
 - Level 11.2 Hexes
 + Level 18.1 Translocations
 - Level 8.7 Fire Magic
 - Level 10.0 Invocations
 - Level 11.1 Evocations


You had 8 spell levels left.
You knew the following spells:

 Your Spells              Type           Power      Damage    Failure   Level
a - Inner Flame           Hex/Fire       30%        N/A       1%          3
b - Dispersal             Tloc           26%        N/A       3%          6
d - Dimensional Bullseye  Hex/Tloc       22%        N/A       1%          4
t - Tukima's Dance        Hex            33%        N/A       1%          3
w - Blink                 Tloc           100%       N/A       1%          2

Your spell library contained the following spells:

 Spells                   Type           Power      Damage    Failure   Level
 Slow                     Hex            100%       N/A       1%          1
 Lesser Beckoning         Tloc           100%       N/A       1%          2
 Momentum Strike          Conj/Tloc      54%        3d9       1%          2
 Confusing Touch          Hex            33%        N/A       1%          3
 Gell's Gravitas          Tloc           53%        N/A       1%          3
 Sigil of Binding         Hex            33%        N/A       1%          3
 Teleport Other           Tloc           53%        N/A       1%          3
 Volatile Blastmotes      Fire/Tloc      80%        2d16      1%          3
 Manifold Assault         Tloc           53%        N/A       1%          4
 Passage of Golubria      Tloc           53%        N/A       1%          4
 Cause Fear               Hex            16%        N/A       3%          4
 Ensorcelled Hibernation  Hex/Ice        32%        N/A       4%          2
 Foxfire                  Conj/Fire      52%        2x1d6     5%          1
 Iskenderun's Mystic Bla  Conj/Tloc      27%        2d7       8%          4
 Vhi's Electric Charge    Tloc/Air       54%        N/A       8%          4
 Dazzling Flash           Conj/Hex       32%        N/A       10%         3
 Summon Forest            Summ/Tloc      13%        N/A       22%         5
 Freeze                   Ice            0%         1d3       32%         1
 Kiss of Death            Conj/Necr      0%         2d5       32%         1
 Magic Dart               Conj           0%         1d3       32%         1
 Necrotise                Necr           0%         1d4       32%         1
 Sandblast                Erth           0%         2d4       32%         1
 Summon Small Mammal      Summ           0%         N/A       32%         1
 Anguish                  Hex/Necr       8%         N/A       32%         4
 Call Imp                 Summ           0%         N/A       43%         2
 Mercury Vapours          Alch/Air       0%         N/A       43%         2
 Searing Ray              Conj           0%         2d4       43%         2
 Ignite Poison            Fire/Alch      13%        N/A       47%         4
 Sticky Flame             Fire/Alch      13%        2d5       47%         4
 Summon Blazeheart Golem  Fire/Summ      13%        N/A       47%         4
 Metabolic Englaciation   Hex/Ice        8%         N/A       65%         5
 Silence                  Hex/Air        8%         N/A       65%         5
 Yara's Violent Unravell  Hex/Alch       8%         3d5       65%         5
 Call Canine Familiar     Summ           0%         N/A       67%         3
 Frozen Ramparts          Ice            0%         1d1       67%         3
 Fugue of the Fallen      Necr           0%         N/A       67%         3
 Hailstorm                Conj/Ice       0%         3d5       67%         3
 Ozocubu's Armour         Ice            0%         N/A       67%         3
 Passwall                 Erth           0%         N/A       67%         3
 Stone Arrow              Conj/Erth      0%         3d7       67%         3
 Summon Ice Beast         Ice/Summ       0%         N/A       67%         3
 Swiftness                Air            0%         N/A       67%         3
 Vampiric Draining        Necr           0%         2d6       67%         3
 Disjunction              Tloc           26%        N/A       77%         8
 Fireball                 Conj/Fire      6%         3d5       83%         5
 Enfeeble                 Hex            16%        N/A       95%         7
 Animate Armour           Summ/Erth      0%         N/A       97%         4
 Brom's Barrelling Bould  Conj/Erth      0%         2d3       97%         4
 Dispel Undead            Necr           0%         3d6       97%         4
 Fulminant Prism          Conj/Alch      0%         3d5       97%         4
 Leda's Liquefaction      Alch/Erth      0%         N/A       97%         4
 Martyr's Knell           Necr/Summ      0%         N/A       97%         4
 Petrify                  Alch/Erth      0%         N/A       97%         4
 Summon Lightning Spire   Summ/Air       0%         N/A       97%         4
 Alistair's Intoxication  Alch           0%         N/A       100%        5
 Arcjolt                  Conj/Air       0%         1d10      100%        5
 Borgnjor's Vile Clutch   Necr/Erth      0%         N/A       100%        5
 Curse of Agony           Necr           0%         N/A       100%        5
 Freezing Cloud           Conj/Ice/Air   0%         6-21      100%        5
 Irradiate                Conj/Alch      0%         3d11      100%        5
 Iskenderun's Battlesphe  Conj           0%         2d6       100%        5
 Lee's Rapid Deconstruct  Erth           0%         3d4*      100%        5
 Bombard                  Conj/Erth      0%         9d1       100%        6
 Conjure Ball Lightning   Conj/Air       0%         3x3d6     100%        6
 Eringya's Noxious Bog    Alch           0%         4d6       100%        6
 Plasma Beam              Fire/Air       6%         2x1d17    100%        6
 Sculpt Simulacrum        Ice/Alch       0%         N/A       100%        6
 Starburst                Conj/Fire      6%         6d4       100%        6
 Summon Cactus Giant      Summ           0%         N/A       100%        6
 Haunt                    Necr/Summ      0%         N/A       100%        7
 Malign Gateway           Summ/Tloc      13%        N/A       100%        7
 Orb of Destruction       Conj           0%         9d5       100%        7
 Ozocubu's Refrigeration  Ice            0%         4d7       100%        7
 Spellforged Servitor     Conj/Summ      0%         N/A       100%        7
 Summon Hydra             Summ           0%         N/A       100%        7
 Borgnjor's Revivificati  Necr           0%         N/A       100%        8
 Ignition                 Fire           13%        3d6       100%        8
 Lehudib's Crystal Spear  Conj/Erth      0%         10d2      100%        8
 Maxwell's Capacitive Co  Air            0%         ∞         100%        8
 Summon Horrible Things   Summ           0%         N/A       100%        8
 Chain Lightning          Conj/Air       0%         N/A       100%        9
 Death's Door             Necr           0%         N/A       100%        9
 Fire Storm               Conj/Fire      6%         8d2       100%        9
 Polar Vortex             Ice            0%         N/A       100%        9
 Shatter                  Erth           0%         3d5*      100%        9


Dungeon Overview and Level Annotations

Branches:
Dungeon (15/15)            Temple (1/1) D:7            Lair (5/5) D:9
 Shoals (4/4) Lair:2        Snake (4/4) Lair:2        Slime (5/5) Lair:5
    Orc (2/2) D:11            Elf (3/3) Orc:2        Vaults (4/5) D:14
  Crypt (3/3) Vaults:3       Tomb (0/3) Crypt:3      Depths (4/4) D:15
    Zot (5/5) Depths:4    Ossuary (visited)          Bailey (visited)

Altars:
Ashenzari
Cheibriados
Dithmenos
Elyvilon
Fedhas
Gozag
Hepliaklqana
Kikubaaqudgha
Makhleb
Nemelex Xobeh
Okawaru
Qazlal
Ru
Sif Muna
Trog
Uskayaw
Vehumet
Wu Jian
Xom
Yredelemnul
Zin
The Shining One
Beogh
Jiyva

Shops:
D:8 [   D:15 *   Orc:2 !:[(   Shoals:1 =   Shoals:4 [   Snake:1 :::=
Vaults:1 *([*((

Portals:
Hell: Depths:1 Depths:2 Depths:3 Depths:4
Abyss: Depths:3
Pandemonium: Depths:2 Depths:3
Ziggurat: Depths:2
Trove: Depths:2 (give 3 scrolls of blinking)

Annotations:
D:11 2 runed translucent doors, Eugor's ghost, novice TrHu
Snake:2 2 transporters, exclusion: obsidian statue
Elf:1 1 runed translucent door
Elf:2 3 runed translucent doors
Depths:3 3 runed translucent doors, Mennas


Innate Abilities, Weirdness & Mutations

Your life essence is reduced to manifest your ancestor. (-10% HP)
You are partially covered in iridescent scales. (AC +2)
You are agile. (Dex +4, Str/Int -1)


Message History

The Orb Guardian closely misses you.
You shoot an arrow. The arrow hits the Orb Guardian!
The Orb Guardian is heavily wounded.
The Orb Guardian completely misses you.
You shoot an arrow.
The arrow barely misses the Orb Guardian.
The Orb Guardian closely misses you.
You shoot an arrow.
The arrow barely misses the Orb Guardian.
You shoot an arrow.
The arrow barely misses the Orb Guardian.
The Orb Guardian hits you!
You shoot an arrow. The arrow hits the Orb Guardian!
The Orb Guardian is heavily wounded.
The Orb Guardian completely misses you.
You shoot an arrow. The arrow hits the Orb Guardian!
The Orb Guardian is severely wounded.
You shoot an arrow. The arrow hits the Orb Guardian!
The Orb Guardian is almost dead.
The Orb Guardian completely misses you.
You shoot an arrow. The arrow hits the Orb Guardian!
You kill the Orb Guardian!
No target in view!
Aiming: Dig
Press: ? - help, Shift-Dir - straight line, f - you Please select a direction to dig.
This square is covered in magical glow.
The rock shatters into small pieces.
Aiming: Dig
Press: ? - help, Shift-Dir - straight line You can't see that place. [a rock wall.]
The rock shatters into small pieces.
Grazegut emerges from the mists of memory!
You swap places.
There is a stone staircase leading up here.
You climb upwards.
There is a stone staircase leading down, spattered with blood here.
There is a staircase leading out of the dungeon here.
What are your orders? t - Shout!
Orders for allies: a - Attack new target. r - Retreat! s - Stop attacking. g - Guard the area. f - Follow me.
Anything else - Cancel.
You shout for attention!
You feel very buoyant.
You fly up into the air.
You feel yourself speed up.
You have escaped!

#....#..# ###### #.##..#
.(#.##..# #.##..## ###.##..#
#.#....# #.###.# #.#.##.# #.#
#.#♣♣ #.#.##.# #.# #...♣♣♣♣
♣♣♣♣♣♣ #...##.# ###.#
#....♣.♣♣♣♣♣.♣♣.♣♣♣#..###.†
.##.###.#...♣.♣...♣♣♣..♣R...#
###
........#♣.♣♣...@R...♣..♣#..#
###.###.#♣♣♣♣♣....♣.♣♣♣♣♣#..##
###.###.# ♣♣♣♣.♣♣♣ #...##
.##.##..# ♣♣♣ ##...##
........# #..#..## ........#
#.###..# ..#####.# ###
#....... ..##....# #.#####♣
##.####.# .###....#
#.#.##.######.#####.>


You could see the friendly Grazegut the hexer.

Vanquished Creatures
  the Royal Jelly (Slime:5)
  Frederick (Crypt:2)
  2 dread liches
  An orb of fire (Zot:5)
  3 ancient liches (Zot:5)
  Mara (Snake:4)
  Boris (Depths:3)
  Bai Suzhen (Snake:3)
  Vv (Zot:3)
  Vashnia (Snake:4)
  A caustic shrike (Depths:2)
  2 golden dragons
  A bone dragon (Crypt:3)
  the Enchantress (Depths:4)
  2 electric golems (Zot:5)
  A Brimstone Fiend (Depths:4)
  Rupert (D:13)
  A Tzitzimitl (Depths:4)
  6 tentacled monstrosities
  Zenata (Crypt:2)
  A lich (Crypt:3)
  14 Orb Guardians
  2 deep elf blademasters (Elf:3)
  5 quicksilver dragons
  2 deep elf master archers (Elf:3)
  A kraken (Shoals:4)
  Polyphemus (Shoals:3)
  14 acid blobs
  An ancient champion (Crypt:2)
  2 death cobs
  9 storm dragons
  3 shadow dragons
  2 tengu reavers
  Kirke (D:13)
  A protean progenitor (Zot:3)
  A revenant (Crypt:1)
  7 azure jellies
  Roxanne (Elf:3)
  4 nagarajas (Snake:4)
  8 rockslimes
  7 draconian monks
  3 fire giants
  6 deep elf sorcerers
  2 draconian knights
  2 ghost moths
  6 vault wardens
  A balrug (Depths:2)
  2 draconian shifters
  An angel (Zot:2)
  A draconian scorcher (Zot:5)
  7 frost giants
  3 spriggan defenders (Depths:4)
  An orc warlord (Vaults:4)
  15 ironbound preservers
  4 deep elf elementalists (Elf:3)
  3 draconian stormcallers
  2 reapers
  8 quicksilver oozes
  8 stone giants
  7 draconian annihilators
  9 formless jellyfish
  8 ironbound thunderhulks
  3 deep elf demonologists (Elf:3)
  9 very ugly things
  Nessos (D:15)
  4 deep elf death magi
  5 vampire knights
  7 black draconians
  10 green draconians
  6 white draconians
  3 dire elephants
  A war gargoyle (Vaults:3)
  8 red draconians
  4 yellow draconians
  3 deep elf annihilators (Elf:3)
  Azrael (D:15)
  13 purple draconians
  5 ettins
  An eidolon (Vaults:3)
  2 green deaths
  7 merfolk javelineers
  12 jiangshi
  2 crystal guardians (Vaults:3)
  7 merfolk impalers
  5 fire dragons
  3 entropy weavers
  3 yaktaur captains
  3 deep elf high priests (Elf:3)
  5 great orbs of eyes
  A rakshasa (Depths:2)
  7 hydras
  3 salamander tyrants
  A vault guard (Vaults:1)
  Fannar (D:12)
  A quicksilver dragon skeleton (Crypt:2)
  7 ice dragons
  A bennu zombie (Crypt:1)
  7 centaur warriors
  7 merfolk aquamancers
  9 boulder beetles
  5 merfolk avatars
  3 peacekeepers
  A catoblepas (Shoals:3)
  5 death knights
  7 two-headed ogres
  7 ironbound frosthearts
  A spriggan air mage (Depths:4)
  16 dancing weapons
  12 anacondas
  14 naga warriors
  3 satyrs
  7 deep troll shamans
  4 tengu warriors
  A bennu skeleton (Crypt:1)
  9 death yaks
  5 deep troll earth magi
  2 vampire magi
  A hell hog (Zot:2)
  2 occultists (Depths:2)
  2 soul eaters (Crypt:2)
  2 orc high priests
  2 hell knights (Depths:4)
  10 naga sharpshooters
  3 shock serpents
  A sun demon (Depths:3)
  6 deep elf knights
  5 spriggans (Depths:4)
  13 skeletal warriors
  Amaemon (Lair:2)
  5 skysharks
  A shadow wraith (Crypt:3)
  A titan skeleton (Vaults:4)
  An anaconda zombie (Snake:4)
  5 iron trolls
  10 sea snakes
  3 salamander mystics
  A death drake (Depths:4)
  8 flayed ghosts
  Lodul (D:10)
  3 glowing orange brains
  4 spectral anacondas (Snake:4)
  A glowing orange brain (shapeshifter) (Elf:1)
  48 deep trolls
  8 arcanists
  9 ironbound convokers
  14 mana vipers
  6 phantasmal warriors
  7 naga ritualists
  7 necromancers
  8 lindwurms
  10 deep elf archers
  Pikel (D:7)
  2 anaconda skeletons (Snake:4)
  9 harpies
  12 deep elf pyromancers
  19 deep elf zephyrmancers
  A shadow dragon zombie (Crypt:3)
  8 orc knights
  2 orc sorcerers (Orc:2)
  5 cyclopes
  A frost giant zombie (Depths:1)
  10 manticores
  A tengu zombie (Vaults:1)
  35 ugly things
  7 shining eyes
  18 salamanders
  A stone giant zombie (Depths:1)
  10 elephants
  2 iron dragon skeletons
  20 fauns
  A meliai (shapeshifter) (D:15)
  33 moths of wrath
  A rust devil (D:2)
  A stone giant skeleton (Vaults:1)
  13 naga magi
  5 large abominations
  3 kobold blastminers
  10 merfolk sirens
  33 black mambas
  6 guardian serpents
  4 eyes of devastation
  An orange demon (Lair:2)
  16 vault sentinels
  2 water nymphs
  A cane toad (shapeshifter) (D:14)
  4 gargoyles
  8 cane toads
  5 unseen horrors (Depths:3)
  An efreet (D:15)
  An unseen horror zombie (D:9)
  6 komodo dragons
  A rime drake (Lair:5)
  4 tengu conjurers
  20 yaktaurs
  4 freezing wraiths
  A tormentor (Zot:2)
  A yaktaur skeleton (Vaults:1)
  A queen bee (D:9)
  6 anaconda simulacra (Snake:4)
  24 merfolk
  3 polar bears
  A troll (shapeshifter) (Elf:1)
  6 wind drakes
  4 hornets
  9 trolls
  9 snapping turtles
  6 glass eyes
  8 dream sheep
  24 blink frogs
  55 slime creatures
  24 yaks
  The ghost of Warped the Ruffian, an amateur VSFi of Cheibriados (D:4)
  5 shadows
  10 wraiths
  3 wyverns
  11 water elementals
  5 basilisks
  8 golden eyes
  4 fire elementals
  3 hogs (D:13)
  2 chaos spawn (Depths:3)
  2 humans (shapeshifter)
  2 steam dragons
  2 wargs
  8 vampire mosquitoes
  48 nagas
  3 hell hounds (D:15)
  6 acid dragons
  15 water moccasins
  A faun skeleton (Crypt:1)
  A water nymph skeleton (Crypt:2)
  A glowing shapeshifter skeleton (Depths:1)
  4 hexers
  27 orc warriors
  A black bear (D:5)
  22 laughing skulls
  9 ogres
  An ice beast (D:6)
  2 sky beasts (D:7)
  9 wolves
  A human skeleton (Vaults:1)
  A boggart (Vaults:1)
  6 centaurs
  3 lemures (D:7)
  A phantom (D:5)
  2 kobold brigands
  4 weeping skulls (Crypt:3)
  2 gnoll sergeants
  9 bullfrogs
  2 scorpions (D:7)
  3 necrophages (Crypt:3)
  A naga simulacrum (Crypt:3)
  3 earth elementals
  5 small abominations
  9 water moccasin zombies (Ossuary)
  13 wights
  A warg skeleton (Crypt:2)
  3 burial acolytes
  A cyclops skeleton (Crypt:2)
  31 killer bees
  A troll skeleton (Crypt:2)
  2 lava snakes (D:8)
  2 bombardier beetles
  A human simulacrum (Vaults:4)
  2 hounds (D:7)
  2 black bear zombies (Crypt:1)
  23 orc priests
  A human zombie (Crypt:2)
  8 jellies
  A gnoll bouda (D:7)
  A spectral scorpion (Ossuary)
  6 iguanas
  A sleepcap (D:5)
  32 orc wizards
  A killer bee zombie (D:9)
  A bullfrog simulacrum (Ossuary)
  A deep dwarf skeleton (Crypt:2)
  2 mummies (Ossuary)
  26 gnolls
  8 adders
  2 shadow imps (D:6)
  3 white imps
  4 ufetubi
  3 dart slugs
  A ribbon worm (D:1)
  90 orcs
  9 bats
  20 endoplasms
  2 giant cockroaches
  3 goblins
  10 hobgoblins
  5 quokkas
  9 ball pythons
  5 frilled lizards
  8 gnoll zombies (Ossuary)
  A hobgoblin zombie (D:4)
  5 jackal zombies (Ossuary)
  11 kobolds
  3 orc zombies (Ossuary)
  10 rats
  A rat zombie (D:4)
  2 tentacles (Shoals:4)
1881 creatures vanquished.

Vanquished Creatures (collateral kills)
  A dread lich (Zot:5)
  An ancient lich (Zot:5)
  4 Killer Klowns
  2 curse toes
  A profane servitor (Crypt:3)
  7 golden dragons
  11 tentacled monstrosities
  11 Orb Guardians
  2 quicksilver dragons
  Mlioglotl (Shoals:2)
  4 acid blobs
  A kraken (Shoals:4)
  An ancient champion (Crypt:3)
  6 death cobs
  7 storm dragons
  Aizul (Snake:4)
  2 revenants
  5 shadow dragons
  A draconian monk (Zot:4)
  2 nagarajas (Snake:4)
  A fire giant (Vaults:4)
  A protean progenitor (Zot:3)
  3 rockslimes (Slime:5)
  Ilsuiw (Shoals:4)
  4 draconian knights
  3 vault wardens
  A draconian scorcher (Zot:1)
  A balrug (Depths:3)
  A caustic shrike zombie (Crypt:1)
  A ghoul (Crypt:3)
  A ghost moth (Zot:5)
  Louise (Elf:3)
  4 draconian annihilators
  2 spriggan defenders (Depths:4)
  3 very ugly things
  A draconian stormcaller (Zot:5)
  2 vampire knights
  An ironbound thunderhulk (Vaults:4)
  A deep elf death mage (Elf:3)
  4 formless jellyfish
  2 stone giants
  8 green draconians
  4 dire elephants
  5 red draconians
  A spark wasp (Depths:3)
  A deep elf annihilator (Elf:1)
  3 purple draconians
  8 white draconians
  2 yellow draconians (Zot:4)
  2 black draconians
  An eidolon (Vaults:3)
  4 merfolk impalers
  A merfolk javelineer (Shoals:4)
  3 fire dragons
  8 jiangshi
  4 great orbs of eyes
  Josephine (D:15)
  2 yaktaur captains
  2 ice dragons
  A hydra (Lair:5)
  A spriggan air mage (Depths:4)
  A vault guard (D:14)
  4 ironbound frosthearts
  2 centaur warriors
  A catoblepas (Lair:5)
  3 merfolk aquamancers (Shoals:4)
  6 anacondas
  A satyr (Shoals:3)
  3 naga warriors
  A boulder beetle (D:13)
  2 death yaks (Lair:5)
  A tengu warrior (Depths:3)
  A deep troll earth mage (Depths:3)
  An orc high priest (Orc:2)
  2 vampire magi
  2 dancing weapons
  3 hell hogs (Zot:2)
  A spriggan berserker (Depths:3)
  4 naga sharpshooters
  Sonja (Lair:3)
  A shock serpent (Snake:4)
  A shock serpent (shapeshifter) (Vaults:1)
  A deep elf knight (Elf:3)
  3 hell knights
  2 skysharks
  An iron troll (Depths:1)
  Nergalle (Orc:1)
  A shadow wraith (Crypt:3)
  8 skeletal warriors
  A sixfirhy (Depths:2)
  12 deep trolls
  2 spectral anacondas
  2 mana vipers
  A flayed ghost (Crypt:3)
  3 deep elf archers
  3 lindwurms (Vaults:1)
  A lindwurm (shapeshifter) (Elf:1)
  An anaconda zombie (Snake:4)
  2 arcanists
  7 phantasmal warriors
  An orc knight (Vaults:4)
  2 deep elf pyromancers
  2 necromancers
  2 ironbound convokers
  A harpy (Shoals:4)
  7 ugly things
  3 deep elf zephyrmancers
  An alligator skeleton (Crypt:1)
  A shadow dragon skeleton (Crypt:1)
  2 salamanders (Snake:3)
  3 orc sorcerers (Orc:2)
  3 moths of wrath
  4 fauns
  A manticore (Shoals:1)
  7 elephants
  6 black mambas
  A kobold blastminer (Orc:1)
  A human skeleton (Vaults:1)
  2 water nymphs
  3 naga magi
  A water nymph (shapeshifter) (Elf:1)
  22 slime creatures
  2 merfolk sirens (Shoals:3)
  A guardian serpent (Snake:4)
  2 cane toads
  2 vault sentinels
  An unseen horror (Depths:3)
  A rime drake (Lair:5)
  5 yaktaurs
  An iron troll zombie (Crypt:1)
  A komodo dragon (Lair:4)
  Jeremiah (Lair:1)
  An unseen horror (shapeshifter) (Elf:1)
  2 anaconda simulacra (Snake:4)
  2 polar bears (Lair:5)
  6 merfolk
  A troll (D:11)
  A wind drake (Shoals:4)
  6 blink frogs
  A snapping turtle (Shoals:1)
  3 dream sheep (Lair:4)
  3 glass eyes
  A human (D:11)
  2 water elementals
  2 wraiths
  10 yaks
  2 wyverns
  3 vampire mosquitoes (D:12)
  A fire elemental (D:15)
  2 basilisks
  A redback (Vaults:4)
  A chaos spawn (D:14)
  7 nagas
  A glowing shapeshifter zombie (Vaults:4)
  4 water moccasins
  A hornet zombie (D:9)
  3 orc warriors (Orc:1)
  An ice beast (D:4)
  6 laughing skulls
  7 wolves
  A weeping skull (Crypt:3)
  A human zombie (Vaults:4)
  2 bullfrogs
  A gnoll sergeant (D:11)
  A necrophage (Crypt:3)
  A small abomination (Crypt:3)
  A wight (D:9)
  2 burial acolytes (Crypt:3)
  A killer bee (D:9)
  4 orc priests
  5 orc wizards
  A deep dwarf skeleton (Crypt:2)
  A gnoll (D:11)
  10 orcs
  An aspiring flesh (Zot:3)
473 creatures vanquished.

Vanquished Creatures (others)
  A pandemonium lord (D:2)
  An Ice Fiend (D:2)
  A draconian knight (Zot:3)
  A black draconian (Zot:2)
  A sea snake (Snake:4)
  A large abomination (D:2)
  A hellwing (D:2)
  A dancing weapon (Depths:3)
  101 hexers
  6 ancestors
  A ball lightning (D:2)
  23 tentacles (Shoals:4)
139 creatures vanquished.

Grand Total: 2493 creatures vanquished

Notes
Turn   | Place    | Note
-------+----------+-------------------------------------------
     0 | D:1      | snackwell the Hill Orc Hunter began the quest for the Orb.
     0 | D:1      | Reached XP level 1. HP: 18/18 MP: 1/1
   114 | D:1      | Reached XP level 2. HP: 25/25 MP: 2/2
   236 | D:1      | Reached skill level 3 in Fighting
   251 | D:1      | Reached XP level 3. HP: 31/31 MP: 3/3
   828 | D:2      | Identified the +1 pair of gloves of the Lotus Blossom
                  | {Int+3}
   866 | D:2      | Reached XP level 4. HP: 38/38 MP: 4/4
  1236 | D:2      | Identified the +7 mace of the Endless March {freeze, Str+3}
  1525 | D:3      | Identified the ring of Pettitz {Will+ SInv Stlth+}
  1724 | D:3      | Reached skill level 5 in Ranged Weapons
  1920 | D:3      | Found an ornate altar of the Wu Jian Council.
  1922 | D:3      | Found a stormy altar of Qazlal.
  1990 | D:3      | Reached XP level 5. HP: 46/46 MP: 5/5
  2132 | D:4      | Reached skill level 4 in Fighting
  2209 | D:4      | Found a sand-covered staircase.
  2228 | Ossuary  | Entered an ossuary
  2290 | Ossuary  | Reached XP level 6. HP: 20/53 MP: 6/6
  2457 | Ossuary  | Reached skill level 5 in Fighting
  2539 | Ossuary  | Reached XP level 7. HP: 50/61 MP: 7/7
  2690 | Ossuary  | Reached skill level 6 in Fighting
  2861 | D:4      | Reached skill level 1 in Maces & Flails
  2912 | D:4      | Got the Anthology of Grim Sidekicks
  2932 | D:4      | Reached XP level 8. HP: 71/71 MP: 8/8
  3166 | D:4      | Found a runed translucent door.
  3170 | D:4      | Noticed Warped's ghost (amateur VSFi)
  3426 | D:5      | Entered Level 5 of the Dungeon
  3893 | D:5      | Reached skill level 7 in Fighting
  4857 | D:6      | Reached skill level 8 in Fighting
  4999 | D:6      | Reached XP level 9. HP: 45/81 MP: 9/9
  5211 | D:6      | Reached skill level 5 in Maces & Flails
  5233 | D:6      | Got the Vellum of Fluctuating Vapour
  6304 | D:7      | Noticed a troll
  6323 | D:6      | Reached skill level 9 in Fighting
  6599 | D:7      | Noticed a boulder beetle
  6902 | D:7      | Killed a boulder beetle
  6903 | D:7      | Reached XP level 10. HP: 36/93 MP: 10/10
  7068 | D:7      | You fall into a shaft and drop 3 floors!
  7068 | D:10     | Entered Level 10 of the Dungeon
  7113 | D:10     | Noticed a two-headed ogre
  7125 | D:10     | Killed a two-headed ogre
  7126 | D:10     | Reached skill level 10 in Fighting
  7126 | D:10     | Reached skill level 10 in Ranged Weapons
  7126 | D:10     | Reached skill level 1 in Stealth
  7251 | D:10     | Noticed Lodul
  7598 | D:10     | Identified the +10 falchion of Nopeledi {vamp, rF+ rC++}
  7738 | D:9      | Reached skill level 1 in Long Blades
  7755 | D:9      | Found a flagged portal.
  8013 | Bailey   | Entered a bailey
  8240 | Bailey   | Noticed an orc knight
  8247 | Bailey   | Killed an orc knight
  8503 | D:7      | Noticed a gargoyle
  8515 | D:7      | Found a radiant altar of Vehumet.
  8529 | D:7      | Killed a gargoyle
  8530 | D:7      | Reached skill level 11 in Fighting
  8731 | D:7      | Found a staircase to the Ecumenical Temple.
  8765 | Temple   | Entered the Ecumenical Temple
  8774 | Temple   | Became a worshipper of Hepliaklqana the Forgotten
  8811 | D:7      | Reached XP level 11. HP: 102/102 MP: 11/11
  8964 | D:7      | Found a sparkling altar of Nemelex Xobeh.
  9069 | D:7      | Identified the +2 sling of Precise Incision {heavy, rCorr
                  | Stlth+}
  9077 | D:7      | Identified the ring "Gudav" {EV+5 Int+4}
  9137 | D:7      | Reached skill level 5 in Long Blades
  9182 | D:7      | Got Sif Muna's Exposition on Anthracomancy and Skeletons
  9217 | D:7      | Identified the +2 ring mail of Barnacled Fun {Int+3}
  9296 | D:7      | Noticed a two-headed ogre
  9306 | D:7      | Killed a two-headed ogre
  9307 | D:7      | Reached skill level 12 in Fighting
  9461 | D:7      | Noticed Pikel
  9490 | D:7      | Killed Pikel
  9866 | D:8      | Noticed a two-headed ogre
  9919 | D:8      | Killed a two-headed ogre
 10130 | D:8      | Found Esuug's Armour Emporium.
 10205 | D:8      | Found a sacrificial altar of Ru.
 10379 | D:8      | Reached * piety under Hepliaklqana
 10674 | D:8      | Found a hide-covered altar of Uskayaw.
 11003 | D:9      | Found a staircase to the Lair.
 11221 | D:9      | Reached skill level 1 in Armour
 11259 | D:9      | Reached skill level 13 in Fighting
 11447 | D:10     | Killed Lodul
 11448 | D:10     | Reached XP level 12. HP: 100/103 MP: 12/12
 11521 | D:10     | Gained mutation: Your muscles are strong. (Str +4, Int/Dex
                  | -1) [potion of mutation]
 11521 | D:10     | Gained mutation: Your system is resistant to poisons.
                  | (rPois) [potion of mutation]
 11694 | D:10     | Noticed a two-headed ogre
 11891 | D:10     | Killed a two-headed ogre
 12163 | D:11     | Found a large runed translucent door.
 12163 | D:11     | Found a large runed translucent door.
 12165 | D:11     | Noticed Eugor's ghost (novice TrHu)
 12312 | D:11     | Reached ** piety under Hepliaklqana
 12313 | D:11     | Remembered your ancestor Grazegut as a hexer
 12369 | D:11     | Reached skill level 5 in Armour
 12403 | D:11     | Noticed a boulder beetle
 12413 | D:11     | Killed a boulder beetle
 12452 | D:11     | Found a staircase to the Orcish Mines.
 12734 | Lair:1   | Entered Level 1 of the Lair of Beasts
 12819 | Lair:1   | Noticed Jeremiah
 12828 | Lair:1   | Killed Jeremiah
 13134 | Lair:1   | Reached *** piety under Hepliaklqana
 13444 | Lair:2   | Found a glowing silver altar of Zin.
 13663 | Lair:2   | Noticed Amaemon
 13671 | Lair:1   | Reached XP level 13. HP: 79/109 MP: 10/13
 13794 | Lair:2   | Found a staircase to the Snake Pit.
 13900 | Lair:2   | Killed Amaemon
 13949 | Lair:2   | Reached skill level 5 in Dodging
 14058 | Lair:2   | Found a staircase to the Shoals.
 14231 | Lair:3   | Noticed Sonja
 14245 | Lair:3   | Killed Sonja
 14443 | Lair:3   | Reached skill level 1 in Evocations
 14556 | Lair:3   | Reached **** piety under Hepliaklqana
 15465 | Lair:4   | Reached skill level 1 in Invocations
 15753 | Lair:5   | Entered Level 5 of the Lair of Beasts
 15787 | Lair:5   | Reached XP level 14. HP: 116/116 MP: 16/16
 15792 | Lair:5   | Reached skill level 5 in Evocations
 15939 | Lair:5   | Reached skill level 5 in Invocations
 16616 | Lair:5   | Found a staircase to the Slime Pits.
 16634 | Lair:5   | Got the Guidebook on the Summoned Iceberg
 16660 | Lair:5   | Got Faloodud's Folio of Flashy Jinxing
 17014 | Lair:5   | Reached skill level 14 in Fighting
 17162 | Lair:5   | Identified the +12 long sword "Kaaher" {protect, rElec
                  | rPois rF+++ Str-3}
 17427 | Orc:1    | Entered Level 1 of the Orcish Mines
 17493 | Orc:1    | Noticed Maurice
 17495 | Orc:1    | Maurice changed into Maurice the wolf
 17495 | Orc:1    | Noticed Maurice
 17510 | Orc:1    | Killed Maurice the wolf
 17713 | Orc:1    | Reached ***** piety under Hepliaklqana
 17753 | Orc:1    | Found a roughly hewn altar of Beogh.
 17856 | Orc:1    | Found a roughly hewn altar of Beogh.
 17873 | Orc:1    | Reached XP level 15. HP: 124/124 MP: 21/21
 17979 | Orc:1    | Noticed Nergalle
 18001 | Orc:1    | Killed Nergalle
 18203 | Orc:2    | Entered Level 2 of the Orcish Mines
 18572 | Orc:2    | Found a staircase to the Elven Halls.
 19405 | Orc:2    | Paralysed by an orc sorcerer for 5 turns
 19688 | Orc:2    | Found Xibboq's Distillery.
 19693 | Orc:2    | Found Estrok's Book Boutique.
 19699 | Orc:2    | Found Xoduca's Armour Boutique.
 19701 | Orc:2    | Found Ceomun's Weapon Shoppe.
 20107 | D:4      | Killed Warped's ghost
 20272 | D:12     | Reached skill level 15 in Ranged Weapons
 20466 | D:12     | Learned a level 4 spell: Dimensional Bullseye
 20601 | D:12     | Noticed Fannar
 20610 | D:12     | Killed Fannar
 20988 | D:13     | Noticed Rupert
 21798 | D:13     | Noticed Kirke
 21814 | D:13     | Killed Kirke
 22466 | D:14     | Found a gate to the Vaults.
 22732 | D:15     | Entered Level 15 of the Dungeon
 22759 | D:15     | Noticed Josephine
 22763 | D:15     | Noticed a tengu reaver
 22763 | D:15     | Killed Josephine
 23047 | D:15     | Found a radiant altar of Vehumet.
 23224 | D:15     | Noticed Nessos
 23230 | D:15     | Killed Nessos
 23255 | D:15     | Noticed Azrael
 23268 | D:15     | Killed Azrael
 23269 | D:15     | Reached XP level 16. HP: 107/132 MP: 22/22
 23425 | D:15     | Found Jecsihy's General Store.
 23801 | D:15     | Killed a tengu reaver
 24020 | D:15     | Found a staircase to the Depths.
 24310 | Snake:1  | Entered Level 1 of the Snake Pit
 24812 | Snake:1  | Found Huem's Self-Published Books.
 24906 | Snake:1  | Found Xedituon's Jewellery Shoppe.
 24906 | Snake:1  | Found Ynisch's Book Boutique.
 24907 | Snake:1  | Found Zallam's Book Boutique.
 24915 | Snake:1  | Bought an amulet of regeneration for 390 gold pieces
 25153 | Snake:1  | Reached skill level 15 in Fighting
 25868 | Snake:2  | Found a transporter.
 25888 | Snake:2  | Found a transporter.
 25962 | Snake:2  | Reached skill level 16 in Fighting
 26464 | Snake:2  | Reached XP level 17. HP: 133/143 MP: 23/23
 27132 | Snake:3  | Reached skill level 17 in Fighting
 27132 | Snake:3  | Reached skill level 10 in Evocations
 27242 | Snake:3  | Reached ****** piety under Hepliaklqana
 27379 | Snake:3  | Reached skill level 10 in Invocations
 27758 | Snake:4  | Entered Level 4 of the Snake Pit
 27821 | Snake:4  | Identified the serpent talisman of Piqifahuo {Int+2 SInv}
 27821 | Snake:4  | Noticed Aizul
 27828 | Snake:4  | Reached skill level 18 in Fighting
 27841 | Snake:4  | Killed Aizul
 27903 | Snake:4  | Noticed Bai Suzhen
 28028 | Snake:3  | Killed Bai Suzhen
 28935 | Snake:4  | Reached skill level 19 in Fighting
 29238 | Snake:4  | Reached XP level 18. HP: 96/158 MP: 20/25
 29397 | Snake:4  | Noticed Mara
 29413 | Snake:4  | Killed Mara
 29479 | Snake:4  | Noticed Vashnia
 29526 | Snake:4  | Killed Vashnia
 29527 | Snake:4  | Reached skill level 20 in Fighting
 30411 | Snake:4  | Reached skill level 10 in Armour
 30561 | Snake:4  | Got a serpentine rune of Zot
 30795 | Shoals:1 | Entered Level 1 of the Shoals
 31306 | Shoals:1 | Found Qecwog's Jewellery Boutique.
 31993 | Shoals:2 | Noticed Mlioglotl
 32000 | Shoals:2 | Killed Mlioglotl
 32026 | Shoals:2 | You fall into a shaft and drop 1 floor!
 32355 | Shoals:3 | Noticed Polyphemus
 32367 | Shoals:3 | Killed Polyphemus
 32390 | Shoals:3 | Reached XP level 19. HP: 131/166 MP: 26/26
 33027 | Shoals:4 | Entered Level 4 of the Shoals
 33100 | Shoals:4 | Noticed Ilsuiw
 33126 | Shoals:4 | Killed Ilsuiw
 33127 | Shoals:4 | Reached skill level 10 in Dodging
 33396 | Shoals:4 | Got a barnacled rune of Zot
 33819 | Shoals:4 | Found Qoh Atuz's Antique Armour Emporium.
 33827 | Shoals:4 | Bought an encrusted scale mail for 243 gold pieces
 33827 | Shoals:4 | Identified the +8 scale mail of Amorality {Harm rElec} (You
                  | bought it in a shop on level 4 of the Shoals)
 34256 | Elf:1    | Entered Level 1 of the Elven Halls
 34256 | Elf:1    | Found a runed translucent gate.
 34256 | Elf:1    | Found a runed translucent gate.
 34256 | Elf:1    | Found a runed translucent gate.
 34256 | Elf:1    | Found a runed translucent gate.
 34256 | Elf:1    | Found a runed translucent gate.
 34256 | Elf:1    | Found a runed translucent gate.
 34257 | Elf:1    | Found a runed translucent door.
 34277 | Elf:1    | Found a runed translucent door.
 34389 | Elf:1    | Identified the +10 orcbow "Rusmuit" {drain, +Blink rPois}
 34431 | Elf:1    | Reached skill level 1 in Hexes
 34470 | Elf:1    | Reached skill level 1 in Translocations
 35409 | Elf:2    | Found a flickering gateway to a bazaar.
 35450 | Bazaar   | Entered a bazaar
 35459 | Bazaar   | Found Bylorr's Antique Weapon Emporium.
 35472 | Bazaar   | Found Uppaonk's Antique Weapon Shoppe.
 35478 | Bazaar   | Bought a polished arbalest for 190 gold pieces
 35478 | Bazaar   | Identified the +7 arbalest "Onanant" {heavy, Will- Dex+5}
                  | (You bought it in a shop in a bazaar)
 35487 | Bazaar   | Found Gocly's Antique Armour Shoppe.
 35487 | Bazaar   | Found Nakkuetz's Antique Armour Emporium.
 35538 | Elf:2    | Reached XP level 20. HP: 173/173 MP: 27/27
 35819 | Elf:2    | Found a runed translucent gate.
 35820 | Elf:2    | Found a runed translucent gate.
 35820 | Elf:2    | Found a runed translucent gate.
 36204 | Elf:3    | Entered Level 3 of the Elven Halls
 36263 | Elf:3    | Reached skill level 5 in Hexes
 36471 | Elf:3    | Identified the ring of Vehumet's Scorn {Will- Int+2 Dex+2
                  | Slay+4}
 36780 | Elf:3    | Noticed Roxanne
 36788 | Elf:3    | Killed Roxanne
 36910 | Elf:3    | Noticed Louise
 36916 | Elf:3    | Killed Louise
 37140 | Elf:3    | Reached skill level 5 in Translocations
 37242 | Elf:3    | Noticed a Tzitzimitl
 37443 | Elf:3    | Identified the +6 scale mail of Card Tricks {Will+ rCorr}
 38000 | Elf:3    | Identified the +9 rapier of the Distant Future {freeze,
                  | Dex+2}
 38138 | Elf:3    | Found the +6 shillelagh "Devastator" {shatter}
 38149 | Elf:3    | Identified the staff of Diet Blood {rF+ SInv Fire}
 38321 | Elf:3    | Identified the +8 demon whip "Taiherch" {elec, rElec rN+++
                  | Str-3 SInv}
 38327 | Elf:3    | Identified the staff "Evedewk" {rCorr Dex+2 Conj}
 38330 | Elf:3    | Got the Atlas of the Wayfarer
 38345 | Elf:3    | Identified the +1 short sword "Spider's Undoing" {flame,
                  | MP+9}
 38349 | Elf:3    | Identified the ring "Huinie" {rCorr Int+3}
 38359 | Elf:3    | Identified the +5 great sword of Makhleb's Supremacy
                  | {venom, *Slow rF+++ Str+2 Int+3}
 38780 | Vaults:1 | Entered Level 1 of the Vaults
 38849 | Vaults:1 | Identified the +7 halberd of Plague {distort, Fly Dex+2}
 39013 | Vaults:1 | Found Menurch's Weapon Emporium.
 39102 | Vaults:1 | Found Hupecvar's Antique Weapon Shop.
 39294 | Vaults:1 | Reached skill level 21 in Fighting
 39340 | Vaults:1 | Found Petzaabbun's General Store.
 39361 | Vaults:1 | Bought a potion of heal wounds for 85 gold pieces
 39361 | Vaults:1 | Bought a scroll of revelation for 127 gold pieces
 39416 | Vaults:1 | Reached XP level 21. HP: 183/183 MP: 28/28
 39661 | Vaults:1 | Found Yxtass's Armour Shoppe.
 39815 | Vaults:1 | Found Onleoroo's General Store.
 39951 | Vaults:1 | Identified the staff of Temperance {rPois rF+ rN+ Dex+3
                  | Fire}
 40005 | Vaults:1 | Found Pafiobb's Weapon Emporium.
 40408 | Vaults:2 | Learned a level 3 spell: Tukima's Dance
 40412 | Vaults:2 | Learned a level 2 spell: Blink
 40460 | Vaults:2 | Reached skill level 10 in Hexes
 41985 | Vaults:3 | Learned a level 3 spell: Inner Flame
 42090 | Vaults:3 | Found a staircase to the Crypt.
 42098 | Vaults:3 | Reached skill level 1 in Fire Magic
 42394 | Vaults:4 | Reached XP level 22. HP: 193/193 MP: 29/29
 42415 | Vaults:4 | Reached skill level 10 in Translocations
 42717 | Vaults:4 | Reached skill level 5 in Fire Magic
 42762 | Vaults:4 | Reached skill level 22 in Fighting
 44272 | Slime:1  | Entered Level 1 of the Pits of Slime
 45471 | Slime:4  | Paralysed by a formless jellyfish for 1 turns
 45626 | Slime:5  | Entered Level 5 of the Pits of Slime
 46021 | Slime:5  | Reached XP level 23. HP: 190/200 MP: 13/30
 46404 | Slime:5  | Noticed the Royal Jelly
 46719 | Slime:5  | Found a viscous altar of Jiyva.
 46813 | Slime:5  | Killed the Royal Jelly
 46928 | Slime:5  | Identified the +1 chain mail "Gitychau" {Str+2 Dex+3
                  | Slay-3}
 46970 | Slime:5  | Got a slimy rune of Zot
 46973 | Slime:5  | Identified the ring "Lut Mynk" {rPois Will+ MP+9 Int-4
                  | Dex+5}
 47039 | Slime:5  | Identified the +5 great sword of Wibefan {antimagic, Will+
                  | Dex+3}
 47048 | Slime:5  | Identified the +5 orcbow of Meux {speed, Str+5 Int+2 Dex-2}
 47051 | Slime:5  | Identified the amulet "Buibruh" {rF- rC+ Regen+ Str+6}
 47110 | Slime:5  | Identified the +6 spear "Muezeholiu" {speed, Str+3}
 47119 | Slime:5  | Identified the +1 leather armour of the Circus Animal {rC-
                  | Dex+4}
 47527 | Depths:1 | Entered Level 1 of the Depths
 47684 | Depths:1 | Found a bloodstained altar of Trog.
 48532 | Depths:1 | Found a sacrificial altar of Ru.
 48735 | Depths:1 | Found a gateway to Hell.
 48850 | Depths:2 | Found a portal to a secret trove of treasure.
 49192 | Depths:2 | Found a one-way gateway to a ziggurat.
 49640 | Depths:2 | Noticed a caustic shrike
 49653 | Depths:2 | Killed a caustic shrike
 49971 | Depths:2 | Found a one-way gate leading to the halls of Pandemonium.
 50200 | Depths:3 | Found a flickering gateway to a bazaar.
 50226 | Bazaar   | Entered a bazaar
 50226 | Bazaar   | Found Jamimim's Weapon Boutique.
 50226 | Bazaar   | Found Osiups's Antique Armour Shoppe.
 50226 | Bazaar   | Found Behu's Antique Armour Shop.
 50228 | Bazaar   | Found Juownoh's Antique Armour Emporium.
 50228 | Bazaar   | Found Aggobeicki's Assorted Antiques.
 50277 | Bazaar   | Bought a pair of embroidered boots for 195 gold pieces
 50591 | Depths:3 | Reached skill level 23 in Fighting
 50707 | Depths:3 | Noticed Boris
 50741 | Depths:3 | Killed Boris
 51072 | Depths:3 | Found a one-way gate to the infinite horrors of the Abyss.
 51341 | Depths:4 | Entered Level 4 of the Depths
 51372 | Depths:4 | Noticed Mennas
 51526 | Depths:4 | Reached XP level 24. HP: 204/211 MP: 30/30
 51906 | Depths:4 | Noticed the Enchantress
 51944 | Depths:4 | Killed the Enchantress
 51949 | Depths:4 | Found a shimmering blue altar of Sif Muna.
 52177 | Depths:4 | Learned a level 6 spell: Dispersal
 52589 | Depths:4 | Identified the +11 spear of Trial by Ordeal {flame, ^Contam
                  | Int+3 Dex+6}
 52616 | Depths:4 | Reached skill level 15 in Dodging
 52688 | Depths:4 | Reached skill level 24 in Fighting
 53153 | Depths:4 | Found a gate to the Realm of Zot.
 53621 | Shoals:1 | Bought a ring of positive energy for 340 gold pieces
 54204 | Crypt:1  | Entered Level 1 of the Crypt
 55457 | Crypt:2  | Identified the orb of the Sailor {*channel, rPois rF+
                  | Stlth-}
 55457 | Crypt:2  | Noticed Frederick
 55490 | Crypt:2  | Killed Frederick
 55492 | Crypt:2  | Noticed Zenata
 55598 | Crypt:2  | Killed Zenata
 56055 | Crypt:2  | Reached XP level 25. HP: 222/222 MP: 30/30
 56140 | Crypt:1  | Found an ancient bone altar of Kikubaaqudgha.
 56464 | Crypt:2  | Found an ancient bone altar of Kikubaaqudgha.
 56503 | Crypt:3  | Entered Level 3 of the Crypt
 57077 | Crypt:3  | Found an ancient bone altar of Kikubaaqudgha.
 57635 | Crypt:3  | Reached skill level 25 in Fighting
 57758 | Crypt:3  | Identified the staff "Yroqugao" {rF- rN+ Stlth+ Necro
                  | Earth}
 58003 | Crypt:3  | Identified the +4 trident "Napam" {elec, +Blink}
 58355 | Crypt:3  | Found a staircase to the Tomb.
 58355 | Crypt:3  | Noticed a dread lich
 58366 | Crypt:3  | Killed a dread lich
 59296 | Zot:1    | Entered Level 1 of the Realm of Zot
 60011 | Zot:1    | Reached skill level 1 in Throwing
 60306 | Zot:2    | Identified the +5 great sword of the Lame Duck {flame,
                  | rC++}
 60395 | Zot:2    | Noticed a Killer Klown
 60422 | Zot:2    | Killed a Killer Klown
 61743 | Zot:2    | Reached XP level 26. HP: 232/232 MP: 30/30
 62925 | Zot:3    | Reached skill level 5 in Throwing
 63652 | Zot:3    | Noticed Vv
 63922 | Zot:3    | Killed Vv
 64109 | Zot:4    | Reached skill level 15 in Translocations
 64634 | Zot:4    | Identified the +1 leather armour of Xoprake {Str+3}
 64674 | Zot:4    | Found a sparkling altar of Nemelex Xobeh.
 65156 | Zot:5    | Entered Level 5 of the Realm of Zot
 65156 | Zot:5    | Noticed a Killer Klown
 65163 | Zot:5    | Killed a Killer Klown
 65196 | Zot:5    | Reached skill level 26 in Fighting
 67307 | Zot:5    | Noticed a Killer Klown
 67327 | Zot:5    | Killed a Killer Klown
 67559 | Zot:5    | Noticed an ancient lich
 67578 | Zot:5    | Killed an ancient lich
 67687 | Zot:5    | Noticed an ancient lich
 67701 | Zot:5    | Killed an ancient lich
 67725 | Zot:5    | Noticed an ancient lich
 67797 | Zot:5    | Killed an ancient lich
 67961 | Zot:5    | Reached XP level 27. HP: 183/243 MP: 19/30
 68016 | Zot:5    | Noticed a dread lich
 68032 | Zot:5    | Killed a dread lich
 68116 | Zot:5    | Reached skill level 27 in Fighting
 68116 | Zot:5    | Noticed a dread lich
 68124 | Zot:5    | Noticed an orb of fire
 68125 | Zot:5    | Killed a dread lich
 68125 | Zot:5    | Gained mutation: You are vulnerable to heat. (rF-) [an orb
                  | of fire]
 68135 | Zot:5    | Killed an orb of fire
 68323 | Depths:4 | Lost mutation: Your muscles are strong. (Str +4, Int/Dex
                  | -1) [potion of mutation]
 68323 | Depths:4 | Lost mutation: Your system is resistant to poisons. (rPois)
                  | [potion of mutation]
 68323 | Depths:4 | Gained mutation: You are partially covered in iridescent
                  | scales. (AC +2) [potion of mutation]
 68323 | Depths:4 | Lost mutation: You are vulnerable to heat. (rF-) [potion of
                  | mutation]
 68323 | Depths:4 | Gained mutation: You are agile. (Dex +4, Str/Int -1)
                  | [potion of mutation]
 68463 | Zot:5    | Identified the +7 arbalest of Taywn {flame, Int+3 Dex+2}
 68522 | Zot:5    | Noticed an ancient lich
 68531 | Zot:5    | Killed an ancient lich
 68769 | Zot:5    | Got the Orb of Zot
 68848 | Zot:4    | Noticed Ysyupeal the pandemonium lord
 69038 | Depths:4 | Noticed Reluecw the pandemonium lord
 69178 | Depths:3 | Found a runed translucent door.
 69214 | Depths:3 | Found a runed translucent door.
 69214 | Depths:3 | Found a runed translucent door.
 69365 | D:13     | Killed Rupert
 69545 | D:6      | Noticed Mimugus the pandemonium lord
 69637 | D:2      | Noticed Daid Ulle the pandemonium lord
 69646 | D:2      | Noticed Xagiurphiorch the pandemonium lord
 69661 | D:2      | Killed Daid Ulle the pandemonium lord
 69731 | D:$      | Escaped with the Orb!

Illustrated notes

Levels and vault maps discovered:
D:1:      roderic_dead_forest, layout_rooms, chequers_serial_rivers_small_3
D:2:      layout_loops_ring, hex_tiny, chequers_garden
D:3:      layout_loops_ring, gammafunk_temple_overflow_pools, hex_medium,
          supply_closet_lemuel
D:4:      layout_cave_pools, ebering_ghost_inner_flame, enter_ossuary_3,
          serial_bayou, serial_bayou_lake_a, serial_bayou_shore_b,
          serial_bayou_ford_a, serial_bayou_shore_b, serial_bayou_lagoon_b
D:5:      layout_rooms
D:6:      layout_basic, hangedman_abyss_or_decor_stabs,
          minmay_a_box_with_orc_wizards_in_it
D:7:      minmay_the_grid_octo_tiled_squarecenter [minmay_the_grid_octo_empty,
          minmay_the_grid_octo_pinwheel, minmay_the_grid_octo_checkered,
          minmay_the_grid_octo_clover,
          minmay_the_grid_square_5x5_megaprize_open,
          minmay_the_grid_square_5x5_mess, minmay_the_grid_square_5x5_plus,
          minmay_the_grid_square_5x5_v, minmay_the_grid_square_5x5_spiral],
          layout_rooms, mainiacjoe_overflow_boulevard, nemelex_altar_shiori,
          serial_corexii_hall, corexii_hall_statues_deadend,
          corexii_hall_statues_x, dk_vineyard_3, uniq_pikel
D:8:      layout_cave_pools, mainiacjoe_overflow_six_doors_small,
          nicolae_uskayaw_suspiria, serial_shops, nicolae_shop_tiny_glass,
          serial_co_window_serial, co_window_paths_a, co_window_paths_b,
          co_window_cross_1, co_window_paths_a, co_window_corner_a,
          co_window_2corner, co_window_broadway_a, co_window_of_opportunity_c,
          co_window_of_opportunity_c, co_window_broadway_c, co_window_paths_c,
          co_window_of_opportunity_c, glass_columns_b, glass_columns_b,
          glass_columns_a
D:9:      layout_rooms, david_lair_shrubbed, serial_undead, serial_undead_c,
          serial_undead_e, serial_undead_f, serial_undead_e, special_room
          [special_room_bee], enter_bailey_2
D:10:     layout_loops_ring, uniq_lodul
D:11:     layout_basic, erik_orc_4, ebering_ghost_disaster_area
D:12:     layout_irregular_city, kennysheep_generic_room_2, uniq_fannar
D:13:     layout_loops_corners, serial_library, serial_library_hellmonk_u_bend,
          serial_library_regret_index_multi, serial_library_hellmonk_h_bend,
          serial_library_hellmonk_angled_corner,
          serial_library_hellmonk_hallway_a, serial_library_hellmonk_open_cross,
          serial_library_hellmonk_small_corner,
          serial_library_regret_index_split_case, uniq_rupert, uniq_kirke
D:14:     layout_cross, erik_vaults_1, infiniplex_staircase_pool_2,
          kennysheep_generic_room_12
D:15:     hellmonk_depths_entry_around_the_bend, layout_rooms, serial_shops,
          nicolae_diamond_shop, serial_park_tiny_2,
          chequers_serial_rivers_micro_d, nicolae_vehumet_radiance, uniq_azrael,
          uniq_josephine, uniq_nessos
Temple:   nicolae_temple_bog_church
Lair:1:   layout_gridlike, uniq_jeremiah
Lair:2:   lemuel_slime, layout_big_grid, minmay_shoals_entry_beasts,
          guppyfry_snake_entry_island, basic_altar, uniq_amaemon
Lair:3:   layout_long_grid, uniq_sonja
Lair:4:   layout_hall_layers
Lair:5:   grunt_lair_end_beastmaster, layout_cave_shapes, slime_entry_1,
          minivault_26, grunt_megastairs_1
Shoals:1: layout_shoals, serial_shops, nicolae_shop_peninsula
Shoals:2: layout_shoals, uniq_mlioglotl
Shoals:3: layout_shoals, uniq_polyphemus
Shoals:4: shoals_end_hangedman, layout_shoals, shoals_ilsuiw_ice, serial_shops,
          nicolae_square_shop
Snake:1:  nicolae_snake_hallway, layout_misc_corridors,
          serial_library_hellmonk_room_c, nicolae_custom_books, st_stairs_10,
          minmay_shop_grove
Snake:2:  gammafunk_sealed_arena, layout_cave_town, grunt_megastairs_2
Snake:3:  layout_onion
Snake:4:  grunt_snake_rune_pools, layout_cave_town, nicolae_snake_flat_spine,
          nicolae_snake_dead_anacondas, uniq_mara, uniq_bai_suzhen,
          uniq_vashnia, uniq_aizul
Slime:1:  layout_caves, nicolae_slime_phagocytosis
Slime:2:  layout_caves, special_room [special_room_jelly]
Slime:3:  layout_caves
Slime:4:  layout_caves
Slime:5:  slime_pit_nicolae_inversion
Orc:1:    layout_caves, basic_altar, mines1_david, uniq_maurice, uniq_nergalle
Orc:2:    st_orc_elflike, layout_caves, nicolae_orc_stony_grotto
Elf:1:    nicolae_elf_arrival_dilemma, layout_loops_corners,
          nicolae_elf_shapeshifter_party
Elf:2:    nicolae_elf_blades_crystal_corner, layout_gridlike, serial_shops,
          bzr_entry_dummy
Elf:3:    elf_hall_gauntlet_wide, layout_gridlike, uniq_roxanne, uniq_louise
Vaults:1: v_misc_23, nicolae_vaults_storage_closets_1, vaults_dpeg_encased_lava,
          nicolae_vaults_shelves_hall, nicolae_vaults_closet_pinwheel_4,
          nicolae_vaults_taking_the_gang_shopping,
          nicolae_vaults_three_branches, vaults_mumra_bighexcomb,
          nicolae_vaults_tetromino_L_1, nicolae_vaults_double_plus_2,
          layout_vaults_omnicross, serial_glass, serial_shops,
          nicolae_lakefront_shop, shop, shop, shop_fountains,
          nicolae_shop_just_a_little_nook
Vaults:2: ontoclasm_vaults_idyll, v_rooms_5, vaults_room_door_ring,
          nicolae_vaults_cornered_office, nicolae_vaults_closet_pinwheel_6,
          nicolae_vaults_tetromino_L_2, hangedman_vaults_cutoff,
          nicolae_vaults_tetromino_T_2, nicolae_vaults_offset_grid_hallway_4,
          v_rooms_1, layout_vaults_maze
Vaults:3: nicolae_vaults_stand_back, nicolae_vaults_double_plus_1,
          minmay_crypt_entry_simple_walls, nicolae_vaults_offset_grid_hallway_2,
          vaults_dpeg_spiral, vaults_standard_mumra_x,
          nicolae_vaults_trapezoid_lopsided_2, nicolae_vaults_more_shelving_1,
          v_misc_9, serial_ice_m, nicolae_vaults_storage_room_statues,
          layout_vaults_big_room
Vaults:4: nicolae_vaults_shipping_containers_7,
          serial_library_hellmonk_semicircle, nicolae_vaults_what_the_h,
          hangedman_vaults_slice, v_misc_12, v_misc_30,
          nicolae_vaults_closet_pinwheel_4, layout_vaults_omnigrid
Crypt:1:  layout_basic, lemuel_upstairs_altar, uniq_josephina
Crypt:2:  layout_misc_corridors, lemuel_statue_altar, uniq_frederick,
          uniq_zenata
Crypt:3:  grunt_crypt_end_deaths_head
Depths:1: layout_long_grid, grunt_hell_entry_dis_grunt, nicolae_ru_awakened_eye,
          trog_three_pillars_becter, serial_bayou_shore_b, serial_bayou_shore_b
Depths:2: kennysheep_oblong_rooms, layout_honeycomb, enter_ziggurat_d,
          enter_trove_2, hell_entry, nicolae_two_hexagons,
          grunt_pan_entry_sceptre, infiniplex_staircase_zigzag_5
Depths:3: impenetrable_vault, layout_gridlike, minmay_room_of_horrors,
          rand_demon_pan_entry_8, serial_shops, bzr_entry_gold, hell_entry,
          minmay_misc_feat_alley, uniq_boris
Depths:4: lemuel_castle_with_subvaults [lemuel_castle_interior_carwin_1],
          layout_twisted_cross, hellmonk_sif_muna_bookshelves,
          pf_hell_entry_tar_spiral, uniq_enchantress, uniq_mennas
Zot:1:    layout_onion_interference, bh_zot_ikea_curve
Zot:2:    kennysheep_bubbly, layout_gridlike
Zot:3:    layout_gridlike, regret_index_zotdec_ex, uniq_vv
Zot:4:    grunt_twist_and_shout, layout_onion_interference, basic_altar
Zot:5:    layout_basic

Skill      XL: |  1  2  3  4  5  6  7  8  9 10 11 12 13 14 15 16 17 18 19 20 21 22 23 24 25 26 27 |
---------------+----------------------------------------------------------------------------------+-----
Ranged Weapons | 4 5 6 7 8 9 11 12 13 14 16 18 19 20 | 20.0
Fighting       | 3 4 5 6 8 9 11 13 14 16 19 20 21 22 23 24 25 26 27 | 27.0
Maces & Flails | 1 4 5 7 |  7.5
Stealth        | 2 |  2.6
Long Blades    | 4 7 |  7.0
Armour         | 2 6 8 9 11 13 14 | 14.3
Dodging        | 4 7 8 9 11 14 15 17 | 17.0
Evocations     | 4 7 8 9 10 11 | 11.1
Invocations    | 3 8 9 10 | 10.0
Hexes          | 3 8 11 | 11.2
Translocations | 2 7 9 11 12 14 16 18 | 18.1
Fire Magic     | 3 8 |  8.7
Throwing       | 4 6 |  6.0

Action                     |  1- 3 |  4- 6 |  7- 9 | 10-12 | 13-15 | 16-18 | 19-21 | 22-24 | 25-27 || total
---------------------------+-------+-------+-------+-------+-------+-------+-------+-------+-------++-------
  Melee: Mace              |       |    38 |   192 |    26 |       |       |       |       |       ||   256
         Punch             |       |     2 |     4 |     4 |       |     1 |       |       |       ||    11
         Falchion          |       |       |       |   226 |       |       |       |       |       ||   226
         Unarmed           |       |       |       |       |     1 |       |       |     1 |       ||     2
         Long sword        |       |       |       |       |       |    43 |       |       |       ||    43
   Fire: Shortbow          |   122 |   166 |   285 |   756 |  1226 |       |       |       |       ||  2555
         Arbalest          |       |       |       |       |   386 |  1202 |   543 |       |       ||  2131
         Orcbow            |       |       |       |       |    33 |       |   860 |  2459 |  2317 ||  5669
         Longbow           |       |       |       |       |     3 |    79 |       |       |       ||    82
  Throw: Dart              |       |       |     4 |     9 |     1 |     6 |       |       |       ||    20
   Cast: Dimensional Bulls |       |       |       |       |       |       |     2 |    16 |    40 ||    58
         Inner Flame       |       |       |       |       |       |       |       |     4 |       ||     4
         Blink             |       |       |       |       |       |       |       |     2 |       ||     2
         Tukima's Dance    |       |       |       |       |       |       |       |     1 |       ||     1
         Dispersal         |       |       |       |       |       |       |       |       |     1 ||     1
 Invoke: Ancestor Identity |       |       |       |     1 |       |       |       |       |       ||     1
         Recall Ancestor   |       |       |       |     1 |     3 |     1 |     2 |     6 |     9 ||    22
         Ancestor Life: He |       |       |       |     1 |       |       |       |       |       ||     1
         Idealise          |       |       |       |       |     1 |     1 |     3 |     8 |    11 ||    24
  Evoke: Tin of tremorston |       |       |       |     2 |     1 |     2 |     1 |     3 |       ||     9
         Wand              |       |       |       |       |     8 |    25 |    28 |     8 |    11 ||    80
         Lightning rod     |       |       |       |       |       |       |     6 |     3 |       ||     9
         Phial of floods   |       |       |       |       |       |       |       |     1 |       ||     1
    Use: Scroll            |       |     9 |     7 |    12 |     3 |     7 |     6 |     5 |    15 ||    64
         Potion            |       |     1 |     2 |    10 |     3 |     9 |    13 |     6 |    12 ||    56
   Stab: Sleeping          |       |       |       |    12 |       |       |       |       |       ||    12
         Distracted        |       |       |       |     1 |       |       |       |       |       ||     1
         Paralysed         |       |       |       |       |       |       |       |     1 |       ||     1
 Armour: Leather armour    |    38 |    80 |   206 |   120 |       |       |       |       |       ||   444
         Skin              |       |       |    12 |    24 |     1 |       |       |       |       ||    37
         Troll leather arm |       |       |       |   118 |       |       |       |       |       ||   118
         Acid dragon scale |       |       |       |    66 |   297 |   508 |   366 |   383 |   303 ||  1923
  Dodge: Dodged            |    49 |    79 |   168 |   303 |   536 |   390 |   366 |   326 |   291 ||  2508
